 Dungeon Crawl Stone Soup version 0.23.2-32-g37ab1d4649 (webtiles) character file.

Game seed: 7705439526372928998

5427 EcosseEcosse the Blocker (level 10, -4/88 HPs)
             Began as a Minotaur Fighter on June 25, 2019.
             Was a Follower of Okawaru.
             Slain by a two-headed ogre
             ... wielding a +0 giant spiked club
              (12 damage)
             ... on level 9 of the Dungeon.
             The game lasted 00:34:10 (7868 turns).

EcosseEcosse the Blocker (Minotaur Fighter)         Turns: 7868, Time: 00:34:11

Health: -4/88      AC: 19    Str: 21    XL:     10   Next: 40%
Magic:  0/9        EV: 11    Int:  6    God:    Okawaru [*.....]
Gold:   552        SH: 12    Dex: 15    Spells: 9/9 levels left

rFire    . . .     SeeInvis .   C - +3 flail (protect)
rCold    . . .     Gourm    .   c - +0 shield
rNeg     . . .     Faith    .   b - +0 scale mail
rPois    .         Spirit   +   (helmet restricted)
rElec    .         Reflect  .   (no cloak)
rCorr    .         Harm     .   A - +0 pair of gloves {Dex+3}
MR       .....                  (no boots)
Stlth    ..........             j - amulet of guardian spirit
HPRegen  0.24/turn              g - +3 ring of protection
MPRegen  0.11/turn              (no ring)

@: about to teleport, protection aura
A: retaliatory headbutt, horns 2
a: Heroism, Renounce Religion


You were on level 9 of the Dungeon.
You worshipped Okawaru.
Okawaru was aware of your devotion.
You were not hungry.

You visited 1 branch of the dungeon, and saw 9 of its levels.
You also visited: Bailey.

You collected 552 gold pieces.

Inventory:

Hand Weapons
 a - a +0 war axe
 k - a cursed +0 falchion
 o - a +3 mace
 q - a +0 long sword of holy wrath
 y - a +1 falchion of freezing
 z - a +0 battleaxe
 C - a +3 flail of protection (weapon)
Missiles
 L - 41 tomahawks of returning (quivered)
Armour
 b - a +0 scale mail (worn)
 c - a +0 shield (worn)
 h - a +0 pair of gloves of dexterity
 A - a +0 pair of gloves of dexterity (worn)
 D - a +1 chain mail of fire resistance
 H - a scarf of cloud immunity
Jewellery
 g - a +3 ring of protection (left hand)
 j - an amulet of guardian spirit (around neck)
 l - an uncursed amulet of guardian spirit
 m - an uncursed ring of positive energy {unknown}
 u - an uncursed ring of flight {unknown}
 v - an uncursed amulet of faith
 B - an uncursed ring of protection from fire {unknown}
 E - an uncursed ring of stealth {unknown}
 K - an uncursed amulet of rage {unknown}
 M - an uncursed amulet of harm {unknown}
 N - an uncursed ring of ice {unknown}
Wands
 x - a wand of random effects (14)
 J - a wand of flame (45)
Scrolls
 e - 3 scrolls of noise {unknown}
 i - 2 scrolls of teleportation
 p - a scroll of fog {unknown}
 s - a scroll of remove curse {unknown}
 t - 3 scrolls of magic mapping
 F - 2 scrolls of enchant weapon {unknown}
 G - a scroll of amnesia {unknown}
 I - a scroll of immolation {unknown}
 P - a scroll of blinking {unknown}
Potions
 d - 2 potions of brilliance
 n - a potion of mutation {unknown}
 r - a potion of agility {unknown}
 w - a potion of magic {unknown}
 O - a potion of flight
Comestibles
 f - 11 rations


   Skills:
 + Level 7.6 Fighting
 + Level 4.6 Long Blades
 + Level 8.4(9.8) Axes
 + Level 7.7(9.4) Maces & Flails
 + Level 1.4 Throwing
 + Level 8.2 Armour
 + Level 4.3 Dodging
 + Level 0.8 Stealth
 + Level 8.8 Shields
 + Level 0.5 Evocations


You had 9 spell levels left.
You didn't know any spells.
Your spell library contained the following spells:

 Spells                   Type           Power        Failure   Level  Hunger
 Beastly Appendage        Tmut           #.....       95%         1    ##.....
 Corpse Rot               Necr           N/A          99%         2    ###....
 Sticks to Snakes         Tmut           #.......     99%         2    ###....
 Regeneration             Chrm/Necr      #.........   100%        3    ####...
 Spider Form              Tmut/Pois      #.........   100%        3    ####...
 Vampiric Draining        Necr           #.........   100%        3    ####...
 Ice Form                 Ice/Tmut       #.......     100%        4    #####..
 Petrify                  Tmut/Erth      #.......     100%        4    #####..
 Blade Hands              Tmut           #.........   100%        5    ######.


Dungeon Overview and Level Annotations

Branches:
Dungeon (9/15)             Temple (0/1) D:7            Lair (0/6) D:9
    Orc: D:9-12

Altars:
Dithmenos
Elyvilon
Gozag
Hepliaklqana
Nemelex Xobeh
Okawaru
Ru
Sif Muna
Uskayaw
Xom
Zin

Shops:
D:6 *   D:7 :


Innate Abilities, Weirdness & Mutations

You reflexively headbutt those who attack you in melee.
You have a pair of horns on your head.


Message History

You block the two-headed ogre's attack.
The two-headed ogre hits you with a +0 dire flail!
You hit the two-headed ogre.
Your headbutt misses the two-headed ogre.
The two-headed ogre is moderately wounded.
You hit the two-headed ogre.
The two-headed ogre is moderately wounded.
The two-headed ogre hits you with a +0 giant spiked club!
You block the two-headed ogre's attack.
You sock the two-headed ogre!
The two-headed ogre is heavily wounded.
The two-headed ogre hits you with a +0 giant spiked club!!
* * * LOW HITPOINT WARNING * * *
You block the two-headed ogre's attack.
Found 15 gold pieces.
Okay, then.
As you read the scroll of teleportation, it crumbles to dust.
You feel strangely unstable.
The two-headed ogre hits you with a +0 giant spiked club!
You die...

####'########.#. ..
#.# ##'#.
$#########.#######....
................+....
#.........#######....
+.........# #....
####......(..####
##+##
................# #
.#####...@.....######
.##
........O.............
...
#####........########
... ######.†......# ##
#......)......# ####
#.............# #...
#.............#
####...
#....)###+#####
....... +.....+ ###...


You could see a two-headed ogre.

Vanquished Creatures
  Pikel (D:5)
  An orc knight (Bailey)
  Grinder (D:5)
  2 hippogriffs
  Sigmund (D:5)
  A wyvern (D:8)
  Eustachio (D:4)
  A hungry ghost (D:9)
  Menkaure (D:7)
  Duvessa (D:7)
  3 ice beasts
  2 phantoms
  5 orc warriors
  4 ogres
  3 centaurs
  4 bullfrogs
  2 scorpions
  Dowan (D:7)
  4 killer bees (D:7)
  A howler monkey (D:6)
  3 crimson imps
  6 hounds
  3 orc priests
  A jelly (D:9)
  3 orc wizards
  2 bullfrog skeletons
  An iguana (D:5)
  4 worker ants
  A hound skeleton (D:5)
  A worker ant zombie (D:8)
  11 adders
  16 gnolls
  2 shadow imps (D:7)
  An adder zombie (D:7)
  4 worms
  2 dart slugs
  4 leopard geckos
  21 orcs
  3 giant cockroaches
  12 goblins
  9 hobgoblins
  14 jackals
  6 quokkas
  3 ball pythons
  10 bats
  6 frilled lizards
  19 kobolds
  A leopard gecko zombie (D:5)
  2 quokka skeletons
  8 rats
219 creatures vanquished.

Vanquished Creatures (others)
  A slave (D:5)
  A bullfrog zombie (D:5)
  A hound skeleton (D:5)
3 creatures vanquished.

Grand Total: 222 creatures vanquished

Notes
Turn   | Place    | Note
-------+----------+-------------------------------------------
     0 | D:1      | EcosseEcosse the Minotaur Fighter began the quest for the
                  | Orb.
     0 | D:1      | Reached XP level 1. HP: 19/19 MP: 0/0
   136 | D:1      | Reached XP level 2. HP: 26/27 MP: 1/1
   577 | D:2      | Reached XP level 3. HP: 27/33 MP: 2/2
   790 | D:2      | Reached XP level 4. HP: 22/40 MP: 3/3
  1411 | D:2      | Found a hazy altar of Hepliaklqana.
  2034 | D:3      | Reached XP level 5. HP: 47/47 MP: 4/4
  2499 | D:4      | Found a white marble altar of Elyvilon.
  2712 | D:4      | Noticed a phantom
  2727 | D:4      | Reached skill level 5 in Fighting
  2727 | D:4      | Reached XP level 6. HP: 52/56 MP: 5/5
  2745 | D:4      | Reached skill level 5 in Axes
  2745 | D:4      | Reached skill level 5 in Armour
  2745 | D:4      | Reached skill level 1 in Dodging
  2790 | D:4      | Reached skill level 5 in Shields
  2793 | D:4      | Reached XP level 7. HP: 50/61 MP: 6/6
  2846 | D:4      | Noticed Eustachio
  2932 | D:4      | Killed Eustachio
  3259 | D:5      | Entered Level 5 of the Dungeon
  3318 | D:5      | Reached skill level 1 in Long Blades
  3359 | D:5      | Noticed Grinder
  3362 | D:5      | Paralysed by Grinder for 6 turns
  3388 | D:5      | Killed Grinder
  3388 | D:5      | Reached XP level 8. HP: 61/70 MP: 7/7
  3446 | D:5      | Noticed Pikel
  3455 | D:5      | Killed Pikel
  3687 | D:5      | Noticed Sigmund
  3708 | D:5      | Killed Sigmund
  3996 | D:6      | Found an opulent altar of Gozag.
  4030 | D:6      | Reached XP level 9. HP: 71/78 MP: 8/8
  4260 | D:6      | Found Houdonk's General Store.
  4365 | D:6      | Found a deep blue altar of Sif Muna.
  4367 | D:6      | Found a glowing silver altar of Zin.
  4409 | D:6      | Found a shimmering altar of Xom.
  4439 | D:6      | Reached skill level 1 in Maces & Flails
  4491 | D:6      | Identified Fyoruung's Grimoire of Doomed Transformation
  5130 | D:7      | Noticed Dowan
  5155 | D:7      | Killed Dowan
  5160 | D:7      | Found a flagged portal.
  5164 | D:7      | Noticed Duvessa
  5185 | D:7      | Killed Duvessa
  5203 | Bailey   | Entered a bailey
  5330 | Bailey   | Noticed an orc knight
  5348 | Bailey   | Reached skill level 5 in Maces & Flails
  5753 | Bailey   | Killed an orc knight
  5753 | Bailey   | Reached skill level 1 in Throwing
  6206 | Bailey   | Reached XP level 10. HP: 81/86 MP: 9/9
  6447 | D:7      | Found a staircase to the Ecumenical Temple.
  6486 | D:7      | Found Reiviar's Book Emporium.
  6678 | D:7      | Found a shadowy altar of Dithmenos.
  6678 | D:7      | Found a sacrificial altar of Ru.
  6694 | D:7      | Found an iron altar of Okawaru.
  6707 | D:7      | Found a hide-covered altar of Uskayaw.
  6723 | D:7      | Became a worshipper of Warmaster Okawaru
  6888 | D:7      | Noticed Menkaure
  6902 | D:7      | Killed Menkaure
  6971 | D:8      | Found a sparkling altar of Nemelex Xobeh.
  7735 | D:9      | Found a staircase to the Lair.
  7755 | D:9      | Reached * piety under Okawaru
  7837 | D:9      | Noticed a two-headed ogre
  7868 | D:9      | Slain by a two-headed ogre

Skill      XL: |  1  2  3  4  5  6  7  8  9 10 |
---------------+-------------------------------+-----
Fighting       | 4 5 6 7 |  7.6
Armour         | 4 5 6 7 8 |  8.2
Shields        | 4 5 6 8 |  8.8
Axes           | 3 4 5 6 8 |  8.4
Dodging        | 1 2 3 4 |  4.3
Long Blades    | 2 4 |  4.6
Maces & Flails | 6 7 |  7.7
Throwing       | 1 |  1.4
Stealth        | |  0.8
Evocations     | |  0.5

Action                   |  1- 3 |  4- 6 |  7- 9 | 10-12 || total
-------------------------+-------+-------+-------+-------++-------
Melee: War axe           |    92 |   127 |   120 |       ||   339
       Headbutt          |    11 |    16 |    62 |    29 ||   118
       Falchion          |       |       |    21 |       ||    21
       Flail             |       |       |   187 |   155 ||   342
Throw: Tomahawk          |       |       |    19 |       ||    19
Evoke: Wand              |       |       |     6 |       ||     6
  Use: Scroll            |       |     3 |     4 |     3 ||    10
       Potion            |       |     2 |    11 |       ||    13
  Eat: Chunk             |       |     6 |     6 |     1 ||    13
       Ration            |       |       |     2 |     2 ||     4
Armor: Scale mail        |    35 |    74 |   157 |    71 ||   337
Dodge: Dodged            |    24 |    52 |   104 |    55 ||   235
Block: Shield            |    35 |    97 |   236 |    79 ||   447
       Rpst.: Falchion   |       |       |     4 |       ||     4
